 Dungeon Crawl Stone Soup version 0.18-a0-990-g74cdb39 (webtiles) character file.

771 M4edhros the Sneak (level 7, 0/43 HPs)
             Began as an Octopode Artificer on Jan 4, 2016.
             Succumbed to poison (a potion of poison)
             ... on level 6 of the Dungeon.
             The game lasted 00:06:52 (2629 turns).

M4edhros the Sneak (Octopode Artificer)             Turns: 2629, Time: 00:06:52

Health: 0/43       AC: -1    Str: 18    XL:     7   Next: 83%
Magic:  10/10      EV: 19    Int: 16    God:
Gold:   129        SH:  0    Dex: 14    Spells: 0 memorised, 6 levels left

rFire  . . .     SeeInvis .     x - +0 rapier
rCold  . . .     Gourm    .     (no shield)
rNeg   . . .     Faith    .     (helmet restricted)
rPois  .         Spirit   .     (no amulet)
rElec  +         Dismiss  .     y - ring of Quidy {rElec AC-2 Str+8 Dex-4}
rCorr  .         Reflect  .     (no ring)
SustAt .         Harm     .     (no ring)
MR     .....                    (no ring)
Stlth  ++++++....               (no ring)
                                (no ring)
                                (no ring)
                                (no ring)

@: agile, lethally poisoned (0 -> -4), exhausted, slowed, very slow, not
resistant to hostile enchantments, very stealthy
A: almost no armour, amphibious, 8 rings, constrict 8, camouflage 1, gelatinous
body 1
a: no special abilities


You were on level 6 of the Dungeon.
You were not hungry.

You visited 1 branch of the dungeon, and saw 5 of its levels.

You collected 129 gold pieces.

Inventory:

Hand Weapons
 a - a +0 short sword
 i - a +0 hunting sling
 u - a +0 hunting sling
 x - a +0 rapier (weapon)
Missiles
 g - 17 sling bullets
 l - 168 stones (quivered)
Jewellery
 t - an uncursed ring of fire {unknown}
 y - the ring of Quidy (left tentacle) {rElec AC-2 Str+8 Dex-4}
   (You found it on level 5 of the Dungeon)

   [ring of protection]

   It affects your AC (-2).
   It affects your strength (+8).
   It affects your dexterity (-4).
   It insulates you from electricity.
Wands
 b - a wand of flame (26/48)
 c - a wand of enslavement (11/24)
 d - a wand of random effects (10/48)
Scrolls
 k - a scroll of amnesia
 q - a scroll of fog {unknown}
 v - 2 scrolls of teleportation {unknown}
 w - 3 scrolls of identify {unknown}
Comestibles
 f - a bread ration
 h - 3 fruits
 j - 2 meat rations


   Skills:
 - Level 1.0 Fighting
 - Level 1.0 Short Blades
 * Level 4.0 Slings
 * Level 4.8 Dodging
 * Level 6.8 Stealth
 + Level 4.8 Evocations


You had 6 spell levels left.
You didn't know any spells.

Dungeon Overview and Level Annotations

Branches:
Dungeon (6/15)
 Temple: D:4-7

Altars:
Ashenzari
Xom

Shops:
D:5 }


Innate Abilities, Weirdness & Mutations

You cannot wear most types of armour.
You are amphibious.
You can wear up to eight rings at the same time.
You can use your tentacles to constrict eight enemies at once.
Your skin changes colour to match your surroundings (Stealth).
Your rubbery body absorbs attacks (AC +1).


Message History

Charge which item? (? for menu, Esc to quit)
Your wand of flame (3/48) glows for a moment and now has 26 charges.
* * * LOW HITPOINT WARNING * * *
You feel sick.
Read which item? (? for menu, Esc to quit)
As you read the scroll labeled UPNEZY OBI, it crumbles to dust.
You assume a fearsome visage.
Nothing appears to happen.
It was a scroll of fear.
* * * LOW HITPOINT WARNING * * *
You feel sick.
Read which item? (? for menu, Esc to quit)
As you read the scroll labeled CAMEYSTR SUTIL, it crumbles to dust.
You feel as if something is helping you.
It was a scroll of remove curse.
* * * LOW HITPOINT WARNING * * *
You feel sick.
* * * LOW HITPOINT WARNING * * *
You feel sick.
Unknown command.
You die...

###...........................***
....#...............#.......#**
#####...............#.......#####
# #...............#..#.#....... #
#...............##.#.#....... #
##............#.##.#.#....... #
##.............##...........
########.#...####........#.......
##.........#....@...#..#.#.......
##...........#####....##(........
.#....)....#.# *#....###(#.......
.<.........#.# #...#...).##....##
...........#.#*#.......####..#.#*
.#.........#,,,#...###.#**#..#...
##..........)>.....#*#.#,,,,..**.
#..................,#.#,,,,,.#**
#.........#....#.#,,...,,,,,.#**


There were no monsters in sight!

Vanquished Creatures
  Eustachio (D:5)
  A water moccasin (D:6)
  2 ogres
  An ice beast (D:5)
  A necrophage (D:6)
  A crimson imp (D:5)
  A hound (D:6)
  2 jellies (D:6)
  2 adders
  2 oozes
  A giant gecko (D:3)
  3 orcs (D:3)
  7 bats
  3 giant cockroaches
  2 goblins (D:1)
  A hobgoblin (D:1)
  2 jackals (D:5)
  3 quokkas
  15 kobolds
  5 rats
56 creatures vanquished.

Vanquished Creatures (collateral kills)
  A centaur (D:6)
  2 orcs (D:3)
  A ball python (D:3)
4 creatures vanquished.

Vanquished Creatures (others)
  A centaur skeleton (D:5)
  A hobgoblin (D:3)
2 creatures vanquished.

Grand Total: 62 creatures vanquished

Notes
Turn   | Place    | Note
--------------------------------------------------------------
     0 | D:1      | M4edhros the Octopode Artificer began the quest for the Orb.
     0 | D:1      | Reached XP level 1. HP: 13/13 MP: 3/3
   273 | D:1      | Reached XP level 2. HP: 9/18 MP: 4/4
   643 | D:2      | Reached XP level 3. HP: 23/23 MP: 5/5
   931 | D:3      | HP: 1/23 [ball python (1)]
  1250 | D:3      | You fall through a shaft for 3 floors!
  1258 | D:6      | Reached skill level 1 in Slings
  1258 | D:6      | Reached XP level 4. HP: 9/28 MP: 6/6
  1631 | D:6      | Noticed a centaur
  1652 | D:5      | Entered Level 5 of the Dungeon
  1668 | D:5      | Reached skill level 4 in Stealth
  1900 | D:5      | Reached XP level 5. HP: 9/33 MP: 7/7
  2141 | D:6      | Noticed an ogre
  2144 | D:6      | Killed an ogre
  2147 | D:6      | Reached skill level 5 in Stealth
  2147 | D:6      | Reached XP level 6. HP: 38/38 MP: 9/9
  2150 | D:6      | Noticed a water moccasin
  2151 | D:6      | Noticed a sky beast
  2170 | D:5      | Noticed Eustachio
  2200 | D:5      | Found a shattered altar of Ashenzari.
  2349 | D:5      | Found Lilloeg's Gadget Shop.
  2475 | D:5      | Noticed an ice beast
  2488 | D:5      | Killed an ice beast
  2488 | D:5      | Reached XP level 7. HP: 41/43 MP: 10/10
  2538 | D:5      | Killed Eustachio
  2538 | D:5      | Reached skill level 6 in Stealth
  2551 | D:5      | Got a coiled marble ring
  2552 | D:5      | Identified the cursed ring of Quidy {rElec AC-2 Str+8 Dex-4} (You found it on level 5 of the Dungeon)
  2588 | D:6      | Found a shimmering altar of Xom.
  2626 | D:6      | HP: 2/43 [poison (a potion of poison)]
  2629 | D:6      | Succumbed to poison (a potion of poison)

Vault maps used:
D:1:      ncdulo_wetmaze
D:2:      old_standard_altar, uniq_sigmund, uniq_natasha
D:3:      minivault_11, kennysheep_generic_room_6
D:5:      minmay_goblin_kobold_castle, serial_shops,
          nicolae_shop_window_shopping, first_bread, ashenzari_altar_1,
          uniq_eustachio
D:6:      basic_altar

Action                   |  1- 3 |  4- 6 |  7- 9 || total
-------------------------+-------+-------+-------++-------
Melee: Short sword       |    71 |    51 |     9 ||   131
       Rapier            |       |       |     8 ||     8
Evoke: Wand              |     2 |    16 |     3 ||    21
  Use: Potion            |       |     1 |     5 ||     6
       Scroll            |       |       |     6 ||     6
 Stab: Sleeping          |     6 |     1 |     1 ||     8
  Eat: Chunk             |     1 |     1 |       ||     2
       Meat ration       |       |     1 |       ||     1
